 Seeded DCSS version 0.30-a0-726-gd89dcf765f (webtiles) character file.

Game seed: 5772684963948250150 (custom seed)

35 valliere the Stinger (level 3, -5/28 HPs)
             Began as a Naga Venom Mage on Jan 30, 2023.
             Slain by a gnoll
             ... wielding a +0 halberd
              (9 damage)
             ... on level 2 of the Dungeon.
             The game lasted 00:03:04 (1207 turns).

valliere the Stinger (Naga Venom Mage)              Turns: 1207, Time: 00:03:04

Health: -5/28      AC:  2    Str: 11    XL:     3   Next: 33%
Magic:  2/6        EV: 10    Int: 14    God:
Gold:   49         SH:  0    Dex: 15    Spells: 5/6 levels left

rFire   . . .      SeeInvis +    m - +0 short sword
rCold   . . .      Faith    .    (no shield)
rNeg    . . .      Spirit   .    a - +0 robe
rPois   +          Reflect  .    (no helmet)
rElec   .          Harm     .    (no cloak)
rCorr   .          Rampage  .    (no gloves)
Will    .....                    (no barding)
Stlth   ++                       (no amulet)
HPRegen 0.24/turn                (no ring)
MPRegen 0.10/turn                (no ring)

@: lethally poisoned (-5 -> -10), unable to read, very slow
A: AC +1, large, see invisible, deformed body, poison resistance, slowness 2,
spit poison 1, naga tail 1, stinger 1, agile 1, inability to read after injury
1, MP-powered wands
a: Spit Poison


You were on level 2 of the Dungeon.
You visited 1 branch of the dungeon, and saw 2 of its levels.

You collected 49 gold pieces.

Inventory:

Hand Weapons
 m - a +0 short sword (weapon)
Armour
 a - a +0 robe (worn)
 e - a +0 ring mail
Jewellery
 j - a ring of ice
Scrolls
 c - a scroll of identify {unknown}
 d - a scroll of poison {unknown}
 i - a scroll of brand weapon {unknown}
 k - a scroll of immolation {unknown}
 l - a scroll of fear {unknown}
 n - a scroll of blinking {unknown}
Potions
 b - a potion of magic
 f - a potion of berserk rage {unknown}
 g - a potion of curing {unknown}
 h - a potion of flight {unknown}


   Skills:
 + Level 0.6(0.9) Short Blades
 + Level 0.6(0.9) Long Blades
 + Level 0.5 Armour
 + Level 1.8 Dodging
 + Level 3.3 Stealth
 + Level 2.2 Spellcasting
 + Level 1.4 Transmutations
 + Level 4.2 Poison Magic


You had 5 spell levels left.
You knew the following spells:

 Your Spells              Type           Power      Damage    Failure   Level
a - Sting                 Tmut/Pois      36%        1d4       8%          1

Your spell library contained the following spells:

 Spells                   Type           Power      Damage    Failure   Level
 Poisonous Vapours        Pois/Air       14%        N/A       14%         2
 Ignite Poison            Fire/Tmut/Pois 6%         N/A       32%         3
 Mephitic Cloud           Conj/Pois/Air  5%         N/A       36%         3
 Olgreb's Toxic Radiance  Pois           13%        N/A       38%         4
 Kindle Blastsparks       Fire/Tloc/Air  2%         2d10      56%         3
 Freezing Cloud           Conj/Ice/Air   0%         6-21      100%        5


Dungeon Overview and Level Annotations

Branches:
Dungeon (2/15)

Altars:

Shops:
D:1 :?((


Innate Abilities, Weirdness & Mutations

Your serpentine skin is tough. (AC +1)
You have supernaturally acute eyesight. (SInv)
Armour fits poorly on your strangely shaped body.
Your system is resistant to poisons. (rPois)
You cover ground very slowly.
You can spit poison.
You have a snake-like lower body.
Your tail ends in a venomous barb.
You are agile. (Dex +4, Str/Int -1)
You occasionally lose the ability to read scrolls when taking damage.
You expend magic power (3 MP) to strengthen your wands.


Message History

An adder comes into view.
The gnoll barely misses you.
A ball python comes into view.
You kill the gnoll!
The sting hits the adder.
The adder is poisoned.
The adder is lightly wounded.
The adder attacks as you move away! The adder bites you but does no damage.
The adder bites you.
The gnoll hits you from afar with a +0 halberd!
The sting hits the adder.
The adder looks even sicker.
The adder is severely wounded.
The adder barely misses you.
The gnoll hits you from afar with a +0 halberd.
You feel threatened and lose the ability to read scrolls!
You are too injured to fight recklessly!
Unknown command.
You are too injured to fight recklessly!
Casting: Sting (safe; 8% risk of failure)
Confirm with . or Enter, or press ? or * to list all spells.
Aiming: Sting (safe; 8% risk of failure)
Press: ? - help, Shift-Dir - straight line, f/p - adder
Aim: an adder (severely wounded, very poisoned, 48% to hit)
The sting misses the adder.
The sting hits the gnoll.
The gnoll is poisoned.
The gnoll is moderately wounded.
The adder bites you.
You are poisoned.
The adder poisons you! The gnoll barely misses you. The adder bites you.
* * * LOW HITPOINT WARNING * * *
Unknown command.
Casting: Sting (safe; 8% risk of failure)
Confirm with . or Enter, or press ? or * to list all spells.
Aiming: Sting (safe; 8% risk of failure)
Press: ? - help, Shift-Dir - straight line, f/p - adder
Aim: an adder (almost dead, very poisoned, 48% to hit)
The sting hits the adder.
The adder looks even sicker.
The adder is almost dead.
* * * LOW HITPOINT WARNING * * *
You feel sick.
The gnoll hits you from afar with a +0 halberd!
You die...

.....##################.#
##......................#
#.#.########.....#######
#.#.########.....#
#.#.##...........#
#.#.##.#.........#
#.#.#..#.###(....###
##.#.#.##.# #.......#
.......##.###..#@##.#
##...#.....##..#S#..#
###..####.##..#g#.##
#...###.##..#g..#####..
#.#..........).........
#.#####..#..##..#####..
#.# ........##..#
#.#.######..##..#
........


You could see 2 gnolls and an adder (very poisoned).

Vanquished Creatures
  A gnoll (D:2)
  A worm (D:2)
  A dart slug (D:2)
  A bat (D:2)
  2 giant cockroaches (D:2)
  A hobgoblin (D:2)
  2 jackals (D:2)
  2 kobolds (D:1)
  A quokka (D:1)
  A ball python (D:1)
  A frilled lizard (D:1)
  2 goblins (D:1)
  4 rats (D:1)
20 creatures vanquished.

Notes
Turn   | Place    | Note
-------+----------+-------------------------------------------
     0 | D:1      | valliere the Naga Venom Mage began the quest for the Orb.
     0 | D:1      | Reached XP level 1. HP: 15/15 MP: 3/3
    95 | D:1      | Found Tisut's Weapon Shoppe.
   453 | D:1      | Reached XP level 2. HP: 22/22 MP: 3/5
   475 | D:1      | Found Hacah's Antique Weapon Emporium.
   476 | D:1      | Found Huucwiuf's Magic Scroll Shoppe.
   500 | D:1      | Found Bangeh's Book Boutique.
   574 | D:1      | Gained mutation: Your magical capacity is low. (-10% MP)
                  | [potion of mutation]
   574 | D:1      | Gained mutation: You are weak. (Str -2) [potion of
                  | mutation]
   574 | D:1      | Gained mutation: Your natural rate of healing is unusually
                  | fast. [potion of mutation]
   574 | D:1      | Gained mutation: You expend magic power (3 MP) to
                  | strengthen your wands. [potion of mutation]
   575 | D:1      | Lost mutation: You are weak. (Str -2) [potion of mutation]
   575 | D:1      | Lost mutation: Your natural rate of healing is unusually
                  | fast. [potion of mutation]
   575 | D:1      | Lost mutation: Your magical capacity is low. (-10% MP)
                  | [potion of mutation]
   575 | D:1      | Gained mutation: Your tail ends in a venomous barb. [potion
                  | of mutation]
   575 | D:1      | Gained mutation: You occasionally lose the ability to read
                  | scrolls when taking damage. [potion of mutation]
   575 | D:1      | Gained mutation: You are agile. (Dex +4, Str/Int -1)
                  | [potion of mutation]
  1108 | D:2      | Reached XP level 3. HP: 28/28 MP: 1/6
  1207 | D:2      | Slain by a gnoll

Illustrated notes

Levels and vault maps discovered:
D:1:      sevenhm_arrival_forest_fort_small_3, layout_basic, serial_shops, shop,
          nicolae_shop_trees, shop, shop, corner_web_ring,
          chequers_serial_rivers_micro_b, serial_bayou_pond_e
D:2:      layout_basic, chequers_ecumenical_altar_simple, minmay_joined_circles,
          uniq_jessica

Action                     || total
---------------------------++-------
  Melee: Short sword       ||    18
   Cast: Sting             ||    38
    Use: Potion            ||     2
   Stab: Sleeping          ||     1
 Armour: Robe              ||     3
  Dodge: Dodged            ||    20

Table legend: (Time is in decaauts)
 A = Elapsed time spent in this place.
 B = Non-inter-level travel time spent in this place.
 C = Inter-level travel time spent in this place.
 D = Time resting spent in this place.
 E = Time spent auto-exploring this place.
 F = Levels seen in this place.
 G = Mean time per level.
                   A        B        C        D        E       F      G
               +--------+--------+--------+--------+--------+-----+--------+
         Total |   1519 |   1430 |     89 |      0 |   1259 |   2 |  759.5 |
       Dungeon |   1519 |   1430 |     89 |      0 |   1259 |   2 |  759.5 |
               +--------+--------+--------+--------+--------+-----+--------+

Top non-repeatable levels by time:
     D:1: 1196 daAuts
     D:2: 323 daAuts
